 Dungeon Crawl Stone Soup version 0.29-a0-330-g52719c12eb (webtiles) character file.

Game seed: 16897535889032888620

42 night the Shooter (level 3, -2/29 HPs)
             Began as a Draconian Hunter on May 1, 2022.
             Succumbed to a kobold's poison
             ... on level 3 of the Dungeon.
             The game lasted 00:01:42 (799 turns).

night the Shooter (Draconian Hunter)                 Turns: 799, Time: 00:01:42

Health: -2/29      AC:  5    Str: 13    XL:     3   Next: 35%
Magic:  3/3        EV: 12    Int:  9    God:
Gold:   54         SH:  0    Dex: 16    Spells: 2/2 levels left

rFire   . . .      SeeInvis .   a - +1 shortbow
rCold   . . .      Faith    .   (shield currently unavailable)
rNeg    . . .      Spirit   .   (body armour unavailable)
rPois   .          Reflect  .   (helmet restricted)
rElec   .          Harm     .   (no cloak)
rCorr   .          Rampage  .   (no gloves)
Will    .....                   (no boots)
Stlth   ++........              (no amulet)
HPRegen 0.09/turn               (no ring)
MPRegen 0.08/turn               (no ring)

@: lethally poisoned (-2 -> -19)
A: AC +5, unfitting armour, cold-blooded
a: no special abilities


You were on level 3 of the Dungeon.
You visited 1 branch of the dungeon, and saw 4 of its levels.

You collected 54 gold pieces.

Inventory:

Hand Weapons
 a - a +1 shortbow (weapon)
 j - a +0 dagger
Missiles
 e - 36 stones
Scrolls
 b - 2 scrolls of immolation
 c - a scroll of enchant weapon {unknown}
 f - 2 scrolls of identify {unknown}
 g - a scroll of teleportation {unknown}
 h - a scroll of vulnerability {unknown}
 i - a scroll of amnesia {unknown}
Potions
 d - a potion of cancellation {unknown}


   Skills:
 - Level 2.1 Fighting
 + Level 1.6 Long Blades
 * Level 4.4 Bows
 - Level 1.7 Dodging
 - Level 0.8 Stealth


You had 2 spell levels left.
You didn't know any spells.
Your spell library was empty.

Dungeon Overview and Level Annotations

Branches:
Dungeon (4/15)
 Temple: D:4-7

Altars:

Annotations:
D:4 2 runed translucent doors


Innate Abilities, Weirdness & Mutations

Your plain brown scales are hard. (AC +5)
You cannot fit into any form of body armour.
You are cold-blooded and may be slowed by cold attacks.


Message History

You are poisoned.
Shoot: a) +1 shortbow
Press: ? - help, Q - select action, (/) - cycle Shift-Dir - straight line, f/p - adder
Aim: an adder (heavily wounded, 48% to hit)
You shoot an arrow. The arrow hits the adder.
The adder is almost dead.
You feel very sick.
The kobold throws a poisoned dart.
The poisoned dart hits you!
You are lethally poisoned!
The adder bites you but does no damage.
Shoot: a) +1 shortbow
Press: ? - help, Q - select action, (/) - cycle Shift-Dir - straight line, f/p - adder
Aim: an adder (almost dead, 48% to hit)
You shoot an arrow. The arrow closely misses the adder.
* * * LOW HITPOINT WARNING * * *
You feel very sick. The adder bites you but does no damage.
The adder barely misses you.
Shoot: a) +1 shortbow
Press: ? - help, Q - select action, (/) - cycle Shift-Dir - straight line, f/p - adder
Aim: an adder (almost dead, 48% to hit)
You shoot an arrow. The arrow hits the adder.
You kill the adder!
* * * LOW HITPOINT WARNING * * *
You feel very sick.
Shoot: a) +1 shortbow
Press: ? - help, Q - select action, (/) - cycle Shift-Dir - straight line, f - kobold
Aim: a kobold, wielding a +0 club and quivering poisoned darts (58% to hit)
You shoot an arrow. The arrow hits the kobold.
The kobold is severely wounded.
* * * LOW HITPOINT WARNING * * *
You feel sick.
The kobold throws a poisoned dart.
The poisoned dart barely misses you.
The kobold throws a poisoned dart.
The poisoned dart hits you!
You are more poisoned.
Shoot: a) +1 shortbow
Press: ? - help, Q - select action, (/) - cycle Shift-Dir - straight line, f/p - kobold
Aim: a kobold, wielding a +0 club and quivering poisoned darts (severely wounded, 58% to hit)
You shoot an arrow. The arrow hits the kobold.
You kill the kobold!
You die...

.####.........
.............
........#...
...........#
.......)...#
...........+
...........#
.......@...+
...........#
.....#....##
.... #....#
..# #....# .
.....# ...###
.....


There were no monsters in sight!

Vanquished Creatures
  An adder (D:3)
  A worm (D:2)
  A dart slug (D:1)
  A bat (D:1)
  An endoplasm (D:1)
  A giant cockroach (D:2)
  3 goblins
  3 hobgoblins (D:1)
  A quokka (D:1)
  3 ball pythons (D:1)
  3 frilled lizards (D:1)
  5 kobolds
  3 rats (D:1)
27 creatures vanquished.

Vanquished Creatures (collateral kills)
  A dart slug (D:1)
1 creature vanquished.

Grand Total: 28 creatures vanquished

Notes
Turn   | Place    | Note
-------+----------+-------------------------------------------
     0 | D:1      | night the Draconian Hunter began the quest for the Orb.
     0 | D:1      | Reached XP level 1. HP: 17/17 MP: 1/1
   134 | D:1      | Reached XP level 2. HP: 24/24 MP: 2/2
   141 | D:1      | Reached skill level 1 in Long Blades
   221 | D:1      | Reached skill level 4 in Bows
   650 | D:2      | Reached XP level 3. HP: 29/29 MP: 3/3
   770 | D:2      | You fall into a shaft and drop 2 floors!
   782 | D:4      | Found a large runed translucent door.
   783 | D:4      | Found a large runed translucent door.
   798 | D:3      | HP: 3/29 [poisoned by a kobold]
   799 | D:3      | Succumbed to a kobold's poison

Illustrated notes

Levels and vault maps discovered:
D:1:      dpeg_arrival_shrine, layout_rooms
D:2:      layout_loops_ring, basic_altar, uniq_jessica, uniq_crazy_yiuf_cottage
D:3:      layout_basic, serial_rivers, chequers_serial_rivers_marsh,
          chequers_serial_rivers_small_3, chequers_serial_rivers_micro_a,
          chequers_serial_rivers_small_b, chequers_serial_rivers_micro_b,
          chequers_serial_rivers_small_b, uniq_sigmund
D:4:      layout_rooms, serial_shops, shop, kennysheep_mini_moat,
          amcnicky_mini_corridor_feature, minmay_hollow_rounded_squares

Skill      XL: |  1  2 |
---------------+-------+-----
Long Blades    | 1 |  1.6
Bows           | 4 |  4.4
Fighting       | |  2.1
Dodging        | |  1.7
Stealth        | |  0.8

Action                   || total
-------------------------++-------
 Fire: Shortbow          ||    71
  Use: Scroll            ||     2
Armor: Skin              ||     6
Dodge: Dodged            ||    18

Table legend: (Time is in decaauts)
 A = Elapsed time spent in this place.
 B = Non-inter-level travel time spent in this place.
 C = Inter-level travel time spent in this place.
 D = Time resting spent in this place.
 E = Time spent auto-exploring this place.
 F = Levels seen in this place.
 G = Mean time per level.
                   A        B        C        D        E       F      G
               +--------+--------+--------+--------+--------+-----+--------+
         Total |    819 |    776 |     43 |      0 |    620 |   4 |  204.8 |
       Dungeon |    819 |    776 |     43 |      0 |    620 |   4 |  204.8 |
               +--------+--------+--------+--------+--------+-----+--------+

Top non-repeatable levels by time:
     D:1: 586 daAuts
     D:2: 201 daAuts
     D:4: 21 daAuts
     D:3: 9 daAuts
